Map: Dreamcatcher LE

Players

Elazer - Winner!

  • Race: Zerg Zerg
  • Spawn Location: 5:00

Harstem

  • Race: Protoss Protoss
  • League: Master
  • Spawn Location: 11:00

Event: HomeStory Cup XVIII

VOD

Have the link to the VOD?

Description

Time

  • Played on: Nov. 24, 2018, 7:59 a.m.
  • Length: 15:58

All games in this series

Show
View Real Time Build Order
Export as new Build Order

Elazer Zerg - Winner!

Build Orders: Hatch First, Swarm Host 

Get SALT Encoding   

  12  0:00  Drone  
  13  0:14  Overlord  
  13  0:16  Drone  
  14  0:32  Drone x2  
  16  0:47  Drone  
  16  0:48  Drone  
  18  0:57  Hatchery  
  18  0:59  Drone  
  18  1:01  Extractor  
  17  1:14  Spawning Pool  
  17  1:17  Drone  
  17  1:20  Drone  
  18  1:29  Drone  
  19  1:40  Drone  
  20  1:51  Overlord  
  20  2:00  Queen  
  22  2:06  Metabolic Boost  
  22  2:08  Queen  
  22  2:09  Drone  
  22  2:10  Zergling x2  
  22  2:13  Zergling x2  
  27  2:20  Drone  
  28  2:23  Drone  
  29  2:32  Drone  
  29  2:34  Zergling x2  
  31  2:41  Drone  
  31  2:43  Hatchery  
  31  2:47  Queen  
  31  2:50  Zergling x2  
  34  2:53  Drone  
  34  2:56  Overlord  
  35  3:05  Drone  
  36  3:15  Drone x3  
  36  3:16  Drone x5  
  44  3:26  Overlord  
  44  3:37  Overlord  
  44  3:39  Drone  
  44  3:45  Overlord  
  44  3:48  Drone x2  
  45  3:53  Overlord  
  45  3:54  Drone  
  46  3:55  Drone x2  
  46  3:59  Drone  
  46  4:00  Extractor  
  46  4:01  Roach Warren  
  46  4:05  Overlord  
  46  4:06  Drone  
  47  4:11  Drone  
  47  4:13  Queen  
  50  4:18  Overlord  
  50  4:19  Drone  
  50  4:25  Overlord  
  50  4:27  Zergling x12  
  56  4:35  Extractor  
  56  4:37  Overlord  
  56  4:38  Spine Crawler  
  55  4:41  Roach x3  
  61  4:47  Roach  
  61  4:52  Roach x5  
  73  4:56  Overlord  
  73  4:59  Roach x3  
  79  5:01  Overlord  
  79  5:05  Roach  
  79  5:06  Overlord  
  80  5:19  Drone x2  
  78  5:24  Drone x7  
  78  5:26  Lair  
  78  5:27  Drone  
  85  5:29  Drone  
  85  5:30  Drone x2  
  85  5:33  Drone  
  88  5:36  Drone  
  88  5:37  Ravager, Extractor  
  88  5:40  Overlord  
  88  5:41  Drone  
  90  5:48  Overlord  
  90  5:51  Drone, Extractor  
  90  5:52  Drone  
  90  5:55  Drone x2  
  90  5:57  Drone  
  94  6:02  Overlord  
  94  6:05  Drone x5  
  94  6:08  Spore Crawler  
  97  6:11  Drone  
  97  6:15  Drone  
  97  6:16  Drone x4, Extractor  
  97  6:17  Extractor  
  101  6:19  Overlord  
  101  6:24  Pneumatized Carapace  
  101  6:25  Overlord  
  101  6:26  Glial Reconstitution  
  101  6:28  Roach x4  
  101  6:30  Ravager  
  110  6:36  Roach x2  
  114  6:43  Overlord  
  114  6:45  Overlord  
  115  6:47  Drone  
  115  6:48  Roach x5  
  126  6:58  Overlord  
  124  7:02  Roach, Infestation Pit  
  124  7:03  Roach x3  
  124  7:07  Overlord  
  130  7:12  Roach x4, Hatchery  
  137  7:18  Roach x4  
  145  7:26  Roach x4  
  153  7:33  Roach x4  
  161  7:39  Roach x2  
  165  7:47  Swarm Host x3  
  174  7:55  Swarm Host x2  
  180  8:03  Swarm Host x2  
  186  8:15  Evolution Chamber, Swarm Host  
  186  8:16  Swarm Host  
  183  8:20  Swarm Host  
  183  8:21  Swarm Host  
  181  8:32  Roach x7  
  171  8:41  Roach x2  
  171  8:42  Roach x4  
  171  8:48  Drone x2, Extractor  
  182  8:49  Drone  
  182  8:50  Overlord, Zerg Missile Weapons Level 1  
  182  8:53  Roach x3  
  182  8:55  Overseer  
  191  9:04  Swarm Host  
  191  9:05  Swarm Host  
  167  9:18  Roach x9  
  183  9:26  Swarm Host x2  
  183  9:29  Queen  
  185  9:33  Roach x6  
  191  9:41  Swarm Host x2  
  183  9:58  Hydralisk Den  
  183  9:59  Roach  
  188  10:00  Roach x9  
  188  10:03  Extractor  
  189  10:13  Drone  
  189  10:14  Drone x2  
  183  10:15  Hive  
  183  10:19  Drone x6  
  187  10:29  Grooved Spines, Hydralisk x6  
  199  10:44  Hatchery  
  199  10:45  Overseer  
  199  10:47  Zerg Missile Weapons Level 2  
  179  11:15  Drone x2  
  172  11:21  Hydralisk x8  
  170  11:28  Roach x8  
  161  11:40  Roach x4  
  161  11:45  Queen  
  170  11:48  Roach x2  
  170  11:52  Hydralisk x2  
  175  11:54  Hydralisk  
  175  11:57  Muscular Augments  
  177  12:01  Viper x2  
  177  12:02  Viper  
  186  12:12  Hydralisk  
  186  12:13  Hydralisk x4  
  196  12:18  Hatchery  
  196  12:20  Roach  
  197  12:43  Hydralisk x2  
  189  12:53  Overseer  
  189  12:57  Overlord  
  184  12:59  Hydralisk  
  184  13:00  Hydralisk x8  
  190  13:18  Overseer  
  179  13:30  Drone x3  
  179  13:31  Drone  
  179  13:32  Hydralisk x6  
  166  13:52  Roach x7  
  163  14:06  Swarm Host x5  
  178  14:15  Drone x4  
  182  14:24  Hydralisk x3  
  166  14:48  Roach x8  
  166  14:49  Roach x3  
  178  14:56  Roach  
  178  14:57  Roach x2  
  170  15:05  Hydralisk  
  170  15:06  Hydralisk  
  159  15:17  Hydralisk x5  
  152  15:24  Hydralisk x2  
  147  15:39  Zergling x2  
  146  15:52  Hatchery  
Show
View Real Time Build Order
Export as new Build Order

Harstem Protoss 

Build Orders: 1 Gate Expand, Chargelot Immortal 

Get SALT Encoding   

  12  0:00  Probe  
  13  0:12  Probe  
  14  0:17  Pylon  
  14  0:24  Probe  
  15  0:32  Probe  
  15  0:40  Gateway, Probe  
  17  0:51  Assimilator, Probe  
  18  1:03  Probe  
  19  1:15  Probe  
  20  1:27  Nexus  
  20  1:37  Cybernetics Core  
  20  1:39  Probe  
  21  1:51  Assimilator, Probe  
  22  1:58  Pylon  
  22  2:03  Probe  
  22  2:07  Adept  
  23  2:16  Warp Gate  
  23  2:17  Probe  
  26  2:27  Twilight Council  
  26  2:29  Probe  
  27  2:35  Probe  
  27  2:36  Stalker  
  29  2:37  Probe  
  29  2:43  Probe  
  31  2:45  Probe  
  33  2:53  Probe  
  33  2:56  Probe  
  35  3:04  Robotics Facility  
  35  3:05  Probe  
  36  3:08  Probe  
  37  3:15  Charge  
  37  3:17  Probe  
  38  3:20  Probe  
  39  3:27  Gateway  
  39  3:30  Gateway, Probe  
  40  3:41  Warp Prism  
  38  3:45  Probe, Adept  
  38  3:46  Gateway  
  38  3:48  Probe  
  42  3:59  Probe  
  42  4:02  Pylon  
  42  4:10  Warp Prism  
  42  4:21  Probe  
  45  4:24  Pylon  
  45  4:26  Probe  
  45  4:31  Forge  
  46  4:33  Probe  
  47  4:42  Zealot x4  
  47  4:45  Pylon  
  55  4:47  Immortal  
  59  5:04  Zealot  
  59  5:05  Zealot x3  
  67  5:09  Pylon  
  67  5:10  Protoss Ground Weapons Level 1  
  61  5:24  Nexus  
  61  5:26  Zealot x2  
  63  5:29  Zealot  
  63  5:30  Probe  
  63  5:31  Immortal  
  63  5:35  Probe  
  67  5:42  Probe  
  72  5:47  Probe, Pylon  
  73  5:54  Probe  
  73  5:59  Probe  
  71  6:06  Probe  
  71  6:07  Sentry x3  
  78  6:11  Probe  
  78  6:13  Gateway  
  78  6:14  Gateway, Sentry  
  78  6:15  Pylon  
  81  6:18  Probe, Pylon  
  81  6:23  Probe  
  81  6:25  Immortal  
  83  6:27  Shield Battery  
  83  6:31  Pylon  
  83  6:33  Probe  
  88  6:47  Probe x2  
  88  6:49  Probe, Sentry  
  88  6:50  Zealot x3  
  98  6:55  Probe x2  
  98  6:57  Probe  
  98  7:01  Gateway  
  100  7:02  Pylon  
  100  7:03  Probe x2  
  100  7:05  Probe  
  103  7:13  Assimilator, Probe, Zealot x2, Sentry, Protoss Ground Weapons Level 2  
  103  7:14  Assimilator, Probe  
  111  7:19  Probe  
  113  7:25  Probe  
  113  7:26  Probe  
  113  7:27  Pylon, Photon Cannon  
  115  7:31  Probe  
  115  7:33  Pylon  
  116  7:45  Probe x2  
  116  7:47  Photon Cannon  
  116  7:51  Assimilator, Shield Battery  
  118  7:52  Probe, Robotics Bay  
  118  7:56  Assimilator  
  119  8:01  Immortal  
  119  8:05  Zealot x6, Sentry  
  123  8:26  Zealot x3  
  121  8:28  Stalker x2  
  117  8:35  Colossus, Probe  
  117  8:36  Probe  
  117  8:38  Probe, Extended Thermal Lance  
  116  8:42  Zealot x2  
  116  8:47  Probe  
  123  8:50  Gateway  
  123  8:52  Shield Battery  
  123  8:56  Pylon  
  123  8:58  Zealot x4  
  123  9:00  Shield Battery  
  131  9:09  Probe  
  130  9:11  Dark Shrine  
  120  9:17  Zealot  
  120  9:18  Zealot x2  
  120  9:19  Colossus  
  120  9:27  Probe  
  120  9:29  Shield Battery  
  123  9:31  Shield Battery  
  123  9:36  Protoss Ground Weapons Level 3  
  123  9:40  Zealot x4  
  131  9:52  Zealot x3  
  135  9:59  Probe  
  130  10:02  Templar Archives  
  130  10:04  Pylon  
  130  10:07  Gateway  
  130  10:13  Pylon  
  127  10:16  Zealot x7  
  140  10:26  Pylon  
  140  10:31  Photon Cannon  
  140  10:32  Shield Battery  
  140  10:34  Shield Battery  
  140  10:37  Zealot, Dark Templar x3  
  142  10:52  Colossus  
  148  10:58  Zealot x5  
  146  11:13  Zealot x3  
  146  11:14  Zealot  
  142  11:33  Zealot x2  
  142  11:34  Dark Templar x3  
  142  11:35  Dark Templar  
  142  11:37  Zealot  
  156  11:40  Archon  
  156  11:41  Psionic Storm  
  154  11:54  Sentry  
  154  11:56  Pylon  
  154  11:58  Pylon  
  156  12:03  Colossus  
  156  12:04  Nexus  
  156  12:05  Pylon  
  155  12:12  Probe  
  160  12:15  Pylon  
  160  12:18  Pylon  
  160  12:19  Pylon  
  160  12:20  High Templar x5  
  170  12:23  Pylon  
  170  12:24  Zealot x3  
  176  12:35  Protoss Shields Level 1  
  174  12:47  Zealot x2  
  174  12:48  Zealot  
  178  12:53  Warp Prism  
  178  12:56  Dark Templar  
  178  12:57  Zealot x4  
  182  13:15  Zealot x4  
  176  13:21  Probe  
  159  13:29  High Templar x2  
  159  13:30  Stalker  
  159  13:31  Stalker, Zealot  
  153  13:41  Zealot x4  
  153  13:45  Archon  
  153  13:47  Blink  
  141  13:51  Zealot  
  141  13:53  Immortal  
  141  13:58  Zealot x2  
  141  13:59  Probe x2  
  139  14:05  Probe x2  
  139  14:09  Dark Templar  
  132  14:12  High Templar x4  
  136  14:18  Zealot x3  
  140  14:29  Pylon  
  140  14:33  Assimilator x2  
  140  14:38  Zealot x4  
  142  14:42  Immortal  
  130  14:55  Zealot x2  
  130  14:56  Zealot x3  
  130  15:06  High Templar  
  130  15:07  High Templar x3  
  126  15:16  Immortal  
  111  15:26  Zealot x5  
  113  15:39  Zealot x4  
  105  15:46  Archon  
  105  15:47  Zealot x2  
  105  15:48  Zealot x3  
Tags
 
Add a new tag
Caveats
  • Supply blocks, unpowered buildings, or Contaminate may cause inaccurate times.
  • Supply counts are checked every 10 seconds.